 Dungeon Crawl Stone Soup version 0.24.0-13-gcf9b319 (webtiles) character file.

Game seed: 2789644514935950868, levelgen mode: deterministic

79 Bronimir the Vexing (level 4, -2/34 HPs)
             Began as a Gnoll Arcane Marksman on Mar 4, 2020.
             Slain by a worker ant (5 damage)
             ... on level 2 of the Dungeon.
             The game lasted 00:03:19 (1258 turns).

Bronimir the Vexing (Gnoll Arcane Marksman)         Turns: 1258, Time: 00:03:19

Health: -2/34      AC:  4    Str: 13    XL:     4   Next: 38%
Magic:  7/8        EV: 14    Int: 16    God:
Gold:   98         SH:  0    Dex: 15    Spells: 3/9 levels left

rFire    + . .     SeeInvis .   a - +0 hand crossbow
rCold    . . .     Gourm    .   (no shield)
rNeg     . . .     Faith    .   u - +1 leather armour {rF+}
rPois    .         Spirit   .   (no helmet)
rElec    .         Reflect  .   (no cloak)
rCorr    .         Harm     .   (no gloves)
MR       .....                  (no boots)
Stlth    ++........             (no amulet)
HPRegen  0.11/turn              (no ring)
MPRegen  0.11/turn              (no ring)

@: lethally poisoned (-2 -> -6)
A: distributed training, fangs 1, strong nose
a: no special abilities


You were on level 2 of the Dungeon.
You were not hungry.

You visited 1 branch of the dungeon, and saw 2 of its levels.

You collected 98 gold pieces.

Inventory:

Hand Weapons
 a - a +0 hand crossbow (weapon)
 b - a +0 spear
 o - a +0 whip of electrocution
Missiles
 d - 15 bolts (quivered)
 i - 50 stones
 v - 17 arrows
Armour
 e - a +0 robe
 j - a +0 ring mail
 u - a +1 leather armour of fire resistance (worn)
Jewellery
 g - an uncursed ring of wizardry {unknown}
Scrolls
 l - a scroll of teleportation {unknown}
 m - a scroll of blinking {unknown}
 p - 3 scrolls of identify {unknown}
 r - a scroll of immolation {unknown}
 s - a scroll of amnesia {unknown}
 t - a scroll of magic mapping {unknown}
Potions
 h - a potion of experience {unknown}
 k - 3 potions of curing {unknown}
 n - a potion of degeneration {unknown}
 q - a potion of magic {unknown}
Comestibles
 f - 3 rations


   Skills:
 + Level 2.7 Fighting
 + Level 1.1 Short Blades
 + Level 1.1 Long Blades
 + Level 1.1 Axes
 + Level 1.1 Maces & Flails
 + Level 1.1 Polearms
 + Level 1.1 Staves
 + Level 1.1 Slings
 + Level 1.1 Bows
 + Level 4.6 Crossbows
 + Level 1.1 Throwing
 + Level 1.1 Armour
 + Level 4.6 Dodging
 + Level 1.1 Stealth
 + Level 1.1 Shields
 + Level 1.1 Unarmed Combat
 + Level 3.0 Spellcasting
 + Level 0.8 Conjurations
 + Level 5.4 Hexes
 + Level 0.8 Charms
 + Level 0.8 Summonings
 + Level 0.8 Necromancy
 + Level 0.8 Translocations
 + Level 0.8 Transmutations
 + Level 0.8 Fire Magic
 + Level 0.8 Ice Magic
 + Level 0.8 Air Magic
 + Level 0.8 Earth Magic
 + Level 0.8 Poison Magic
 + Level 1.2 Invocations
 + Level 1.1 Evocations


You had 3 spell levels left.
You knew the following spells:

 Your Spells              Type           Power        Failure   Level  Hunger
a - Corona                Hex            ###....      2%          1    #......
b - Slow                  Hex            ###.....     3%          2    ##.....
c - Inner Flame           Hex/Fire       ##......     19%         3    ###....

Your spell library contained the following spells:

 Spells                   Type           Power        Failure   Level  Hunger
 Portal Projectile        Hex/Tloc       ##....       19%         3    ###....
 Cause Fear               Hex            ###.......   26%         4    #####..
 Leda's Liquefaction      Hex/Erth       ##........   54%         4    #####..


Dungeon Overview and Level Annotations

Branches:
Dungeon (2/15)

Altars:


Innate Abilities, Weirdness & Mutations

Your experience applies equally to all skills.
You have very sharp teeth.
Your uncanny sense of smell can sniff out nearby items.


Message History

You are more poisoned.
The worker ant poisons you!
You barely miss the worker ant.
The worker ant is severely wounded.
You feel sick. The worker ant bites you. x2
* * * LOW HITPOINT WARNING * * *
You hit the worker ant but do no damage.
Your bite misses the worker ant.
The worker ant is severely wounded.
The worker ant closely misses you.
a - a +0 hand crossbow (weapon)
You feel sick.
Firing (i - inventory. (/) - cycle)
d - 16 bolts (quivered)
Press: ? - help, Shift-Dir - straight line, f/p - worker ant
Aim: a worker ant (severely wounded, softly glowing)
You shoot a bolt. The bolt barely misses the worker ant.
The bolt barely misses the bat.
The worker ant bites you.
* * * LOW HITPOINT WARNING * * *
The worker ant bites you.
You die...

####......#####....#####.......##
# ##.)...#.....##÷#?)!#'##.....#
#####.#.......###..#...#..###...#
..#...##.....##.#..#...#..# ##..#
#...)........'..#..#...#..#∆ +..#
###.<.##.....##.#..#...#..# ##.##
...#####......###..#...#..###..##
##.### #........####K.w####......
#...###........@ab##'##.........
###.<##........##lK.............
##.##.........##w##..##.......
#..#.......#.##..............
##......####...##.####.......
..........####.#..# #........
......#.....##.).####.##.###.
......#............)..##.# #.
...)..##....##........#..# #.


You could see a big kobold, a worm, a worker ant, a leopard gecko and a bat.

Vanquished Creatures
  An adder (D:2)
  A gnoll (D:1)
  An ooze (D:1)
  An adder skeleton (D:2)
  A worm (D:2)
  A dart slug (D:2)
  A leopard gecko (D:1)
  4 giant cockroaches
  5 goblins
  8 hobgoblins
  A quokka (D:2)
  6 bats
  4 frilled lizards
  5 kobolds
  8 rats
48 creatures vanquished.

Notes
Turn   | Place    | Note
-------+----------+-------------------------------------------
     0 | D:1      | Bronimir the Gnoll Arcane Marksman began the quest for the
                  | Orb.
     0 | D:1      | Reached XP level 1. HP: 17/17 MP: 4/4
    55 | D:1      | Reached XP level 2. HP: 23/23 MP: 5/5
   160 | D:1      | Reached XP level 3. HP: 22/28 MP: 7/7
   164 | D:1      | Learned a level 2 spell: Slow
   168 | D:1      | Learned a level 3 spell: Inner Flame
   403 | D:1      | Reached skill level 1 in Invocations
   741 | D:2      | Reached skill level 1 in Short Blades
   741 | D:2      | Reached skill level 1 in Long Blades
   741 | D:2      | Reached skill level 1 in Axes
   741 | D:2      | Reached skill level 1 in Maces & Flails
   741 | D:2      | Reached skill level 1 in Polearms
   741 | D:2      | Reached skill level 1 in Staves
   741 | D:2      | Reached skill level 1 in Slings
   741 | D:2      | Reached skill level 1 in Bows
   741 | D:2      | Reached skill level 1 in Throwing
   741 | D:2      | Reached skill level 1 in Armour
   741 | D:2      | Reached skill level 1 in Stealth
   741 | D:2      | Reached skill level 1 in Shields
   741 | D:2      | Reached skill level 1 in Unarmed Combat
   741 | D:2      | Reached skill level 1 in Evocations
   760 | D:2      | Reached XP level 4. HP: 32/34 MP: 8/8
  1237 | D:2      | Noticed a big kobold
  1258 | D:2      | Slain by a worker ant

Levels and vault maps discovered:
D:1:      wander_arrival_abandoned_jail, layout_basic
D:2:      layout_rooms, minmay_divided_ellipse

Skill      XL: |  1  2  3  4 |
---------------+-------------+-----
Invocations    | 1 |  1.2
Short Blades   | 1 |  1.1
Long Blades    | 1 |  1.1
Axes           | 1 |  1.1
Maces & Flails | 1 |  1.1
Polearms       | 1 |  1.1
Staves         | 1 |  1.1
Slings         | 1 |  1.1
Bows           | 1 |  1.1
Throwing       | 1 |  1.1
Armour         | 1 |  1.1
Stealth        | 1 |  1.1
Shields        | 1 |  1.1
Unarmed Combat | 1 |  1.1
Evocations     | 1 |  1.1
Spellcasting   | 3 |  3.0
Fighting       | |  2.7
Crossbows      | |  4.6
Dodging        | |  4.6
Conjurations   | |  0.8
Hexes          | |  5.4
Charms         | |  0.8
Summonings     | |  0.8
Necromancy     | |  0.8
Translocations | |  0.8
Transmutations | |  0.8
Fire Magic     | |  0.8
Ice Magic      | |  0.8
Air Magic      | |  0.8
Earth Magic    | |  0.8
Poison Magic   | |  0.8

Action                   |  1- 3 |  4- 6 || total
-------------------------+-------+-------++-------
Melee: Whip              |    48 |    31 ||    79
       Spear             |    36 |    15 ||    51
       Bite              |    12 |     6 ||    18
 Fire: Hand crossbow     |    27 |     3 ||    30
 Cast: Corona            |     1 |     1 ||     2
 Stab: Sleeping          |       |     1 ||     1
  Eat: Chunk             |       |     1 ||     1
Armor: Ring mail         |    23 |     1 ||    24
       Leather armour    |       |    18 ||    18
Dodge: Dodged            |    69 |    54 ||   123
